cohdb
Replays
Latest Replays
All Replays
Popular Replays
Top Player Replays
Match Explorer
How It Works
Community
CoH3 Stats
Reddit
Sign in to upload your games and track your stats! →
Sign in with Steam
Match 40200479
Unlisted
Match 40200479
Overview
Messages
Build Orders
End
Royal Engineer Section
Vickers Machine Gun Team
Construct Section Command Post
Infantry Section
Dingo Light Scout Car
Selects Canadian Shock Battlegroup
Selects Attacking Spirit
Selects Canadian Shock Section
Canadian Shock Section
Construct Platoon Command Post
Selects Incendiary Munitions
Infantry Training
Canadian Shock Section
Selects Pyrotechnics
^3
sheenhochul
0
0
Comments
sign in to comment!
No comments posted yet!